 Zot Defence DCSS version 0.15.2 (webtiles) character file.

10567 FakerFangirl the Arsonist (level 11, 0/42 (84) HPs)
             Began as a Naga Fire Elementalist on July 13, 2015.
             Was a High Priest of Sif Muna.
             Killed by the air
             ... invoked by Croriv the titan
              (26 damage)
             ... in the Realm of Zot (Scenario I: Hall of Zot).
             The game lasted 00:29:06 (12242 turns).

FakerFangirl the Arsonist (Naga Fire Elementalist) Turns: 12242, Time: 00:29:06

HP   0/42 (84)   AC  4     Str 10      XL: 11   Next: 64%
MP  13/27        EV 11     Int 19      God: Sif Muna [*****.]
Gold 0           SH  0     Dex 12      Spells:  4 memorised, 16 levels left

rFire  . . .     SeeInvis +     j - +2 battleaxe (freeze)
rCold  . . .     Clarity  .     a - +0 robe
rNeg   . . .     rCorr    .     (no shield)
rPois  +         rRot     .     (no helmet)
rElec  .         Spirit   .     (no cloak)
SustAb .         Warding  .     (no gloves)
rMut   .         Stasis   .     (no barding)
Gourm  .                        (no amulet)
MR     +....                    (no ring)
                                (no ring)

@: short of breath, very slow, somewhat resistant to hostile enchantments,
unstealthy
A: spit poison, see invisible, deformed body, poison resistance, slowness 2, AC
+3
a: Make oklob sapling, Make arrow trap, Make plant, Remove Curse, Make burning
bush, Make altar, Make grenades, Make oklob plant, Make net trap, Make ice
statue, Make spear trap, Make alarm trap, Spit Poison, Channel Energy, Forget
Spell, Renounce Religion


You were in the Realm of Zot.
You worshipped Sif Muna.
Sif Muna was extremely pleased with you.
You were not hungry.

You visited 1 branch

Inventory:

Hand weapons
 j - a +2 battleaxe of freezing (weapon)
Armour
 a - a +0 robe (worn)
Comestibles
 d - a bread ration
Scrolls
 i - a scroll of blinking
Potions
 c - 3 potions of curing
 e - a potion of heal wounds
 f - a potion of haste
 g - 2 potions of magic
 h - a potion of berserk rage
Books
 b - a book of Flames

   Spells                             Type                      Level
   *Flame Tongue                      Conjuration/Fire             1
   *Throw Flame                       Conjuration/Fire             2
   *Conjure Flame                     Conjuration/Fire             3
   Inner Flame                        Hexes/Fire                   3
   *Sticky Flame                      Conjuration/Fire             4
   Fireball                           Conjuration/Fire             5


   Skills:
 + Level 1.2 Fighting
 + Level 4.5 Dodging
 - Level 3.0 Stealth
 - Level 1.5 Unarmed Combat
 + Level 8.2 Spellcasting
 + Level 5.3 Conjurations
 * Level 13.6 Fire Magic


You had 16 spell levels left.
You knew the following spells:

 Your Spells              Type           Power        Failure   Level  Hunger
a - Flame Tongue          Conj/Fire      #####        1%          1    None
b - Throw Flame           Conj/Fire      #####.       1%          2    None
c - Conjure Flame         Conj/Fire      #####...     1%          3    #......
d - Sticky Flame          Conj/Fire      #####...     1%          4    ###....


Dungeon Overview and Level Annotations

Branches:
    Zot (1/1)

Altars:
Sif Muna


Innate Abilities, Weirdness & Mutations

You cannot wear boots.
You can spit poison.
Your serpentine skin is tough (AC +3).
You have supernaturally acute eyesight.
Armour fits poorly on your strangely shaped body.
Your system is resistant to poisons.
You cover ground very slowly.


Message History

Your oklob plant spits acid at the hell knight.
The splash of acid hits the hell knight.
The acid corrodes the hell knight's equipment!
An iron troll and a hell knight come into view.
Press: ? - help, v - describe, . - travel
Here: an iron troll (fast, unusually strong)
The floor.
Use which ability? (? or * to list)
Press: ? - help, Shift-Dir - straight line, f - Croriv
Aim: Croriv the titan The splash of poison hits the iron troll.
The iron troll is poisoned.
The deep troll burns!
The deep troll shaman calls upon its god to strengthen the iron troll.
The iron troll seems to grow stronger.
Your flesh rots away as the Orb of Zot is desecrated. x2
The hell knight hits your oklob plant with a demon blade!
Croriv waves its arms in wide circles.
The air twists around and strikes you!
Ouch! That really hurt!
You die...

▓∆∆▓ ▓∆∆▓# ▓▓▓▓ ▓▓▓▓▓▓▓▓▓▓▓▓ ▓▓▓▓
▓▓▓▓........ ...▓▓▓
▓▓▓........... .....▓▓
▓▓............. ......▓ ▓▓▓▓▓▓▓▓▓
▓..............
......▓▓▓.......▓▓▓..............
......▓▓........P▓▓..............
......▓.....))..@.▓..............
.........p.Tp.).T................
......▓.........P.▓T.............
......▓▓....p.P..▓▓.C............
......▓▓▓...P...▓▓▓..T.T.........
......# ▓▓▓▓▓▓▓▓▓ #...T..........
.....## ##............. ...###
###........... #### ####........


You could see Croriv the titan, 2 iron trolls, 3 hell knights, 2 deep trolls, 2
deep troll shamans, 3 friendly oklob plants and a friendly burning bush.

Vanquished Creatures
  A frost giant (Zot)
  A blizzard demon (Zot)
  A hell knight (Zot)
  A necromancer (Zot)
  2 giant frogs (Zot)
6 creatures vanquished.

Vanquished Creatures (collateral kills)
  2 shadow dragons (Zot)
  A green death (Zot)
  A rakshasa (Zot)
  A hell knight (Zot)
  A torpor snail (Zot)
  3 giant frogs (Zot)
  A shadow imp (Zot)
  A white imp (Zot)
11 creatures vanquished.

Vanquished Creatures (others)
  An ice statue (Zot)
  6 oklob plants (Zot)
  5 burning bushes (Zot)
  An ice beast (Zot)
  21 oklob saplings (Zot)
  9 plants (Zot)
43 creatures vanquished.

Grand Total: 60 creatures vanquished

Notes
Turn   | Place    | Note
--------------------------------------------------------------
     0 | Zot      | FakerFangirl, the Naga Fire Elementalist, began the quest for the Orb.
     0 | Zot      | Reached XP level 1. HP: 15/15 MP: 3/3
  1858 | Zot      | Noticed a giant frog
  1865 | Zot      | Noticed a giant frog
  1868 | Zot      | Killed a giant frog
  1868 | Zot      | Reached skill level 4 in Fire Magic
  1868 | Zot      | Reached XP level 2. HP: 22/22 MP: 3/6
  1868 | Zot      | Reached XP level 3. HP: 28/28 MP: 3/7
  1868 | Zot      | Reached XP level 4. HP: 36/36 MP: 3/9
  1868 | Zot      | Reached XP level 5. HP: 42/42 MP: 3/11
  1870 | Zot      | Noticed a giant frog
  1870 | Zot      | Noticed a giant frog
  1875 | Zot      | Killed a giant frog
  1875 | Zot      | Reached skill level 5 in Fire Magic
  1882 | Zot      | Killed a giant frog
  1882 | Zot      | Reached XP level 6. HP: 49/49 MP: 1/13
  1885 | Zot      | Killed a giant frog
  1885 | Zot      | Reached skill level 6 in Fire Magic
  1885 | Zot      | Reached XP level 7. HP: 55/55 MP: 2/15
 11256 | Zot      | Noticed a green death
 11266 | Zot      | Killed a green death
 11266 | Zot      | Reached skill level 1 in Unarmed Combat
 11266 | Zot      | Reached skill level 5 in Spellcasting
 11266 | Zot      | Reached skill level 8 in Fire Magic
 11266 | Zot      | Reached XP level 8. HP: 61/63 MP: 12/20
 11276 | Zot      | Became a worshipper of Sif Muna the Loreminder
 11281 | Zot      | Learned a level 2 spell: Throw Flame
 11285 | Zot      | Learned a level 3 spell: Conjure Flame
 11290 | Zot      | Learned a level 4 spell: Sticky Flame
 11300 | Zot      | Noticed a blizzard demon
 11313 | Zot      | Killed a blizzard demon
 11313 | Zot      | Acquired Sif Muna's first power
 11313 | Zot      | Reached skill level 1 in Fighting
 11313 | Zot      | Reached skill level 10 in Fire Magic
 11313 | Zot      | Reached XP level 9. HP: 25/70 MP: 11/22
 11956 | Zot      | Noticed a frost giant
 11962 | Zot      | Killed a frost giant
 11962 | Zot      | Acquired Sif Muna's second power
 11962 | Zot      | Reached skill level 11 in Fire Magic
 11962 | Zot      | Reached XP level 10. HP: 78/78 MP: 14/24
 12162 | Zot      | Noticed a shadow dragon
 12162 | Zot      | Noticed a shadow dragon
 12164 | Zot      | Killed a shadow dragon
 12164 | Zot      | Acquired Sif Muna's third power
 12164 | Zot      | Reached skill level 12 in Fire Magic
 12172 | Zot      | Killed a shadow dragon
 12172 | Zot      | Reached XP level 11. HP: 84/84 MP: 12/27
 12182 | Zot      | Killed a rakshasa
 12182 | Zot      | Reached skill level 13 in Fire Magic
 12215 | Zot      | Noticed a hell knight
 12217 | Zot      | Noticed a necromancer
 12220 | Zot      | Noticed a hell knight
 12224 | Zot      | Noticed a hell knight
 12226 | Zot      | Noticed a hell knight
 12227 | Zot      | Killed a necromancer
 12227 | Zot      | Reached skill level 5 in Conjurations
 12228 | Zot      | Noticed a deep troll shaman
 12228 | Zot      | Killed a hell knight
 12230 | Zot      | Noticed a deep troll
 12235 | Zot      | Killed a hell knight
 12236 | Zot      | Noticed an iron troll
 12238 | Zot      | Noticed Croriv
 12240 | Zot      | Noticed a deep troll shaman
 12242 | Zot      | Noticed a hell knight
 12242 | Zot      | Noticed an iron troll
 12242 | Zot      | Killed from afar by Croriv the titan

Action                   |  1- 3 |  4- 6 |  7- 9 | 10-12 || total
-------------------------+-------+-------+-------+-------++-------
Melee: Unarmed           |       |     7 |       |       ||     7
       Battleaxe         |       |       |       |     5 ||     5
 Cast: Flame Tongue      |       |     4 |    14 |     4 ||    22
       Throw Flame       |       |       |     2 |     3 ||     5
       Conjure Flame     |       |       |     1 |     3 ||     4
       Sticky Flame      |       |       |       |     2 ||     2
 Abil: Spit Poison       |     1 |     2 |     2 |     4 ||     9
       Make oklob saplin |       |     3 |    14 |     4 ||    21
       Make plant        |       |       |     8 |     1 ||     9
       Make arrow trap   |       |       |     1 |       ||     1
       Make altar        |       |       |     1 |       ||     1
       Make burning bush |       |       |     3 |     3 ||     6
       Make oklob plant  |       |       |       |     9 ||     9
       Make spear trap   |       |       |       |     3 ||     3
       Make ice statue   |       |       |       |     1 ||     1
 Stab: Distracted        |       |     1 |       |       ||     1
